 Dungeon Crawl Stone Soup version 0.27-a0-1555-g0e7b3fb1d2 (webtiles) character file.

Game seed: 15803823671329789527

990 Morbidden the Slasher (level 7, 0/55 HPs)
             Began as a Demonspawn Fighter on July 15, 2021.
             Succumbed to a kobold brigand's curare-tipped dart
             ... on level 5 of the Dungeon.
             The game lasted 00:07:51 (5225 turns).

Morbidden the Slasher (Demonspawn Fighter)          Turns: 5225, Time: 00:07:52

Health: 0/55       AC:  8    Str: 16    XL:     7   Next: 98%
Magic:  7/7        EV: 12    Int: 12    God:
Gold:   136        SH: 10    Dex: 12    Spells: 6/6 levels left

rFire    . . .     SeeInvis .   b - +0 short sword (speed)
rCold    . . .     Faith    .   c - +1 kite shield
rNeg     . . .     Spirit   .   l - +0 scale mail
rPois    .         Reflect  .   (no helmet)
rElec    .         Harm     .   j - +0 cloak
rCorr    .         Rampage  .   (no gloves)
Will     .....                  (no boots)
Stlth    ..........             (no amulet)
HPRegen  0.18/turn              o - +4 ring of evasion
MPRegen  0.10/turn              (no ring)

@: lethally poisoned (0 -> -18), slowed, very slow
A: hooves 2
a: no special abilities


You were on level 5 of the Dungeon.
You visited 1 branch of the dungeon, and saw 5 of its levels.
You also visited: Sewer.

You collected 175 gold pieces.
You spent 39 gold pieces at shops.

Inventory:

Hand Weapons
 a - a +0 long sword
 b - a +0 short sword of speed (weapon)
Missiles
 m - 6 javelins
 r - 7 boomerangs (quivered)
Armour
 c - a +1 kite shield (worn)
 j - a +0 cloak (worn)
 l - a +0 scale mail (worn)
Jewellery
 o - a +4 ring of evasion (left hand)
Wands
 i - a wand of iceblast (5)
 t - a wand of flame (17)
Scrolls
 e - 4 scrolls of enchant armour
 f - a scroll of immolation {unknown}
 h - a scroll of enchant weapon
 k - 2 scrolls of blinking
 n - a scroll of torment {unknown}
 p - a scroll of magic mapping {unknown}
 q - 2 scrolls of teleportation
 s - a scroll of identify
Potions
 d - a potion of might
 g - 3 potions of magic


   Skills:
 * Level 4.5 Fighting
 + Level 1.4(3.4) Short Blades
 * Level 4.9(5.1) Long Blades
 + Level 1.1 Throwing
 + Level 4.3 Armour
 * Level 2.8 Dodging
 + Level 0.3 Stealth
 + Level 4.1 Shields
 + Level 0.6 Evocations


You had 6 spell levels left.
You didn't know any spells.
Your spell library was empty.

Dungeon Overview and Level Annotations

Branches:
Dungeon (5/15)              Sewer (visited)
 Temple: D:4-7

Altars:

Shops:
D:3 :?*

Annotations:
D:3 1 runed translucent door, anet's ghost, weakling GnDe


Innate Abilities, Weirdness & Mutations

You have hoof-like feet.


Message History

The kobold brigand hits you with a +0 short sword.
The kobold barely misses you. You block the kobold's attack.
A scorpion comes into view.
You feel very sick.
The kobold throws a stone.
The stone hits you.
The kobold brigand throws a curare-tipped dart.
You block the curare-tipped dart.
The kobold throws a poisoned dart.
The poisoned dart closely misses you.
You feel sick.
The kobold throws a stone.
The stone closely misses you.
The kobold throws a stone.
The stone barely misses you.
You feel sick.
The kobold brigand throws a curare-tipped dart.
The curare-tipped dart barely misses you.
You feel sick. You block the kobold's attack.
You feel sick.
The kobold throws a poisoned dart.
The poisoned dart hits you!
You are more poisoned.
You feel sick.
You feel sick.
The kobold brigand throws a curare-tipped dart.
You block the curare-tipped dart.
The kobold throws a poisoned dart.
The poisoned dart barely misses you.
The kobold throws a stone.
The stone hits you but does no damage.
You feel sick.
There is an open door here.
You feel sick.
You feel sick.
You feel sick.
You feel sick.
You feel sick.
You feel sick.
You are no longer poisoned.
The kobold brigand throws a curare-tipped dart.
The curare-tipped dart completely misses you.
The kobold brigand throws a curare-tipped dart.
The curare-tipped dart hits you.
You are lethally poisoned!
You have difficulty breathing.
* * * LOW HITPOINT WARNING * * *
You feel yourself slow down.
You die...

#.#.########### #.#.# #
#.#.# # #.#.# # #.#.# #
#.#.# # #.#.# #
############.#.# #
#........@...#.# #
#K############.# #
#.#............###########
##K#.......................
#KK..######################
#.K..# ### #....# ...#
#....# ...# ..###....##...#


There were no monsters in sight!

Vanquished Creatures
  Menkaure (D:4)
  A water moccasin (D:4)
  Purgy (Sewer)
  A sky beast (D:4)
  2 ogres (D:4)
  A necrophage (D:4)
  A scorpion (D:4)
  A hound (D:3)
  A bullfrog skeleton (D:5)
  Terence (D:3)
  An iguana (D:4)
  A hound skeleton (D:4)
  5 adders
  4 dart slugs
  11 ball pythons
  5 endoplasms
  2 giant cockroaches
  7 goblins
  6 hobgoblins
  11 jackals
  5 quokkas
  3 bats
  10 frilled lizards
  3 kobolds
  2 rats
87 creatures vanquished.

Notes
Turn   | Place    | Note
-------+----------+-------------------------------------------
     0 | D:1      | Morbidden the Demonspawn Fighter began the quest for the
                  | Orb.
     0 | D:1      | Reached XP level 1. HP: 18/18 MP: 1/1
   357 | D:1      | Gained mutation: You have large cloven feet. [demonic
                  | ancestry]
   357 | D:1      | Reached XP level 2. HP: 24/24 MP: 2/2
   876 | D:1      | Gained mutation: You have hoof-like feet. [demonic
                  | ancestry]
   876 | D:1      | Reached XP level 3. HP: 24/29 MP: 3/3
  1704 | D:2      | Reached XP level 4. HP: 35/35 MP: 4/4
  2070 | D:3      | Found a runed translucent door.
  2072 | D:3      | Noticed anet's ghost (weakling GnDe)
  2130 | D:3      | Found Fabonac's Assorted Antiques.
  2375 | D:3      | Found a glowing drain.
  2386 | D:3      | Reached skill level 1 in Dodging
  2395 | Sewer    | Entered a sewer
  2549 | Sewer    | Noticed Purgy
  2568 | Sewer    | Killed Purgy
  2569 | Sewer    | Reached XP level 5. HP: 17/41 MP: 5/5
  3042 | D:3      | Found Yshigh's Magic Scroll Emporium.
  3045 | D:3      | Bought a scroll of teleportation for 39 gold pieces
  3086 | D:3      | Noticed Terence
  3096 | D:3      | Killed Terence
  3194 | D:3      | Found Uzaoro's Book Shoppe.
  3403 | D:4      | Noticed an ogre
  3404 | D:4      | Noticed Menkaure
  3513 | D:4      | Noticed an ogre
  3532 | D:4      | Killed an ogre
  3533 | D:4      | Reached XP level 6. HP: 48/48 MP: 6/6
  3548 | D:4      | Killed Menkaure
  3579 | D:4      | Reached XP level 7. HP: 21/54 MP: 7/7
  4264 | D:4      | Reached skill level 1 in Throwing
  4640 | D:4      | Reached skill level 1 in Short Blades
  4893 | D:4      | Identified the +1 pair of boots of Petioche {Int+2}
  5050 | D:5      | Entered Level 5 of the Dungeon
  5225 | D:5      | Succumbed to a kobold brigand's curare-tipped dart

Illustrated notes

Levels and vault maps discovered:
D:1:      minmay_arrival_glassed_features, layout_rooms,
          minmay_misc_feat_nine_boxes, minmay_distorted
D:2:      layout_rooms
D:3:      layout_loops_corners, serial_shops, nicolae_shop_crystal,
          nicolae_shop_window_shopping, nicolae_shop_behind_doors,
          portal_sewer_entry_d, ebering_ghost_reflecting_pool, glass_columns_c,
          uniq_terence
D:4:      layout_basic, uniq_menkaure
D:5:      layout_basic, kennysheep_mini_moat

Skill      XL: |  1  2  3  4  5  6  7 |
---------------+----------------------+-----
Long Blades    | 2 3 4 |  4.9
Shields        | 3 4 |  4.1
Armour         | 3 4 |  4.3
Dodging        | 1 2 |  2.8
Fighting       | 4 |  4.5
Throwing       | 1 |  1.1
Short Blades   | 1 |  1.4
Stealth        | |  0.3
Evocations     | |  0.6

Action                   |  1- 3 |  4- 6 |  7- 9 || total
-------------------------+-------+-------+-------++-------
Melee: Long sword        |   118 |    86 |    14 ||   218
       Kick              |    16 |    26 |    33 ||    75
       Short sword       |       |    12 |   119 ||   131
Throw: Javelin           |       |     6 |       ||     6
       Throwing net      |       |     1 |       ||     1
       Boomerang         |       |     7 |       ||     7
Evoke: Wand              |       |     6 |       ||     6
  Use: Potion            |     1 |     3 |     4 ||     8
       Scroll            |       |     5 |       ||     5
Armor: Scale mail        |    90 |    52 |    33 ||   175
Dodge: Dodged            |    59 |    46 |    60 ||   165
Block: Kite shield       |    79 |    79 |    46 ||   204
       Rpst.: Long sword |    21 |    12 |     3 ||    36

Table legend: (Time is in decaauts)
 A = Elapsed time spent in this place.
 B = Non-inter-level travel time spent in this place.
 C = Inter-level travel time spent in this place.
 D = Time resting spent in this place.
 E = Time spent auto-exploring this place.
 F = Levels seen in this place.
 G = Mean time per level.
                   A        B        C        D        E       F      G
               +--------+--------+--------+--------+--------+-----+--------+
         Total |   5365 |   5234 |    131 |    979 |   3090 |   6 |  894.2 |
       Dungeon |   4865 |   4734 |    131 |    804 |   2913 |   5 |  973.0 |
         Sewer |    500 |    500 |      0 |    175 |    177 |   1 |  500.0 |
               +--------+--------+--------+--------+--------+-----+--------+

Top non-repeatable levels by time:
     D:4: 1595 daAuts
     D:1: 1548 daAuts
     D:3: 953 daAuts
     D:2: 596 daAuts
   Sewer: 500 daAuts
     D:5: 172 daAuts
